 Dungeon Crawl Stone Soup version 0.30.0-5-g1a98f26d00 (webtiles) character file.

Game seed: 11041829616953023104

25505 Persephone the Grappler (level 12, -1/184 HPs)
             Began as a Troll Berserker on May 11, 2023.
             Was a High Priest of Trog.
             Slain by a black mamba (6 damage)
             ... while petrified by a catoblepas
             ... on level 3 of the Lair of Beasts.
             The game lasted 00:23:16 (13115 turns).

Persephone the Grappler (Troll Berserker)          Turns: 13115, Time: 00:23:16

Health: -1/184     AC:  5    Str: 32    XL:     12   Next: 90%
Magic:  11/11      EV:  1    Int:  3    God:    Trog [*****.]
Gold:   917        SH:  0    Dex: 21    Spells: 11/11 levels left

rFire   . .          .
                       - Unarmed
rCold   + . .        E - +2 kite shield
rNeg    + + +        Q - +1 robe {rC+}
rPois   ∞            (helmet restricted)
rElec   .            R - scarf "Raexob" {+Inv, rN+}
rCorr   .            (gloves unavailable)
SInv    .            (boots unavailable)
Will    .....        O - amulet of reflection Stlth
                     f - +6 ring of dexterity
HPRegen 1.30/turn    F - +6 ring of dexterity
MPRegen 0.12/turn

%: reflection
@: berserking, petrified
A: large, unfitting armour, claws 3, regeneration 1, shaggy fur 1, tough skin 1
a: Renounce Religion, Evoke Invisibility, Berserk, Trog's Hand, Brothers in Arms


You were on level 3 of the Lair of Beasts.
You worshipped Trog.
Trog was extremely pleased with you.
You visited 2 branches of the dungeon, and saw 15 of its levels.
You also visited: Sewer and Bailey.

You collected 1187 gold pieces.
You spent 270 gold pieces at shops.

Inventory:

Missiles
 q - a throwing net
 H - 3 silver boomerangs
 I - 18 poisoned darts
 M - 4 large rocks (quivered)
Armour
 a - a +0 animal skin
 h - a +0 cloak
 E - a +2 kite shield (worn)
 Q - a +1 robe of cold resistance (worn)
 R - the scarf "Raexob" (worn) {+Inv, rN+}
   (You bought it in a shop on level 2 of the Dungeon)

   rN:        It protects you from negative energy.
Jewellery
 b - a ring of see invisible
 f - a +6 ring of dexterity (left claw)
 p - a +6 ring of intelligence
 F - a +6 ring of dexterity (right claw)
 L - a ring of flight
 O - an amulet of reflection (around neck)
 P - a ring of positive energy
Wands
 d - a wand of roots (14)
 l - a wand of digging (4)
 y - a wand of flame (46)
 A - a wand of mindburst (13)
 G - a wand of light (5)
 S - a wand of polymorph (3)
Scrolls
 e - 2 scrolls of blinking
 g - a scroll of fear
 k - 11 scrolls of teleportation
 z - 2 scrolls of vulnerability
 C - a scroll of fog
 J - 2 scrolls of enchant armour {unknown}
 K - 7 scrolls of identify
 N - a scroll of enchant weapon
Potions
 c - 5 potions of curing
 i - a potion of flight {unknown}
 j - 5 potions of might {unknown}
 m - 3 potions of attraction
 n - 2 potions of invisibility
 o - 4 potions of haste
 r - 3 potions of lignification
 s - a potion of cancellation {unknown}
 t - a potion of resistance {unknown}
 u - a potion of experience {unknown}
 v - 5 potions of heal wounds
 w - 6 potions of brilliance
 x - 3 potions of magic
 B - 2 potions of mutation {unknown}
 D - 2 potions of degeneration {unknown}
 T - 3 potions of ambrosia


   Skills:
 + Level 9.1 Fighting
 + Level 9.3 Throwing
 - Level 2.4 Dodging
 + Level 8.2 Shields
 * Level 14.4 Unarmed Combat


You had 11 spell levels left.
You didn't know any spells.
Your spell library was empty.

Dungeon Overview and Level Annotations

Branches:
Dungeon (12/15)            Temple (0/1) D:5            Lair (3/5) D:11
 Shoals (0/4) Lair:3       Spider (0/4) Lair:2          Orc (0/2) D:12
  Sewer (visited)          Bailey (visited)

Altars:
Dithmenos
Gozag
Hepliaklqana
Okawaru
Trog
Uskayaw
Vehumet
Zin

Shops:
D:2 [   D:3 *   D:7 *   D:9 (

Annotations:
Lair:3 1 transporter


Innate Abilities, Weirdness & Mutations

You are too large for most types of armour.
You have claws for hands.
Your natural rate of healing is unusually fast.
You are covered in fur. (AC +1)
You have tough skin. (AC +1)


Message History

You are engulfed in calcifying dust.
The wyvern bites you but does no damage.
The catoblepas gores you but does no damage.
The wyvern bites you! The wyvern bites you!
The catoblepas breathes a plume of calcifying dust at you.
The blast of calcifying dust hits you.
You are engulfed in calcifying dust.
The wyvern bites you! The catoblepas gores you!!
* * * LOW HITPOINT WARNING * * *
The wyvern bites you but does no damage.
You are engulfed in calcifying dust.
The wyvern bites you!
* * * LOW HITPOINT WARNING * * *
The catoblepas gores you!
* * * LOW HITPOINT WARNING * * *
You turn to flesh and can move again.
Unknown command.
A red film seems to cover your vision as you go berserk!
You feel yourself moving faster!
You feel mighty!
You are engulfed in calcifying dust.
The black mamba is no longer petrified.
The wyvern barely misses you. The black mamba bites you.
* * * LOW HITPOINT WARNING * * *
The catoblepas gores you.
* * * LOW HITPOINT WARNING * * *
You block the wyvern's attack. You block the black mamba's attack.
You claw the catoblepas!
The catoblepas is almost dead.
You are engulfed in calcifying dust.
You are slowing down.
You mangle the catoblepas!!
You kill the catoblepas!
Trog accepts your kill.
You are engulfed in calcifying dust.
Your limbs have turned to stone.
You block the black mamba's attack. You block the wyvern's attack.
The black mamba bites you but does no damage.
The wyvern bites you!
* * * LOW HITPOINT WARNING * * *
You have turned to stone.
The black mamba bites you!
You die...

. .. ####
...###..##
.......<.# #
.........# ©..
......l.S#..©..
...§.§§@†......
......[........
)..............
.........(.....
..........(....
.....#..(......
.#####...>.....
P.........


You could see a black mamba and a wyvern.

Vanquished Creatures
  A hydra (Lair:2)
  Fannar (D:12)
  A boulder beetle (D:12)
  2 death yaks (Lair:2)
  A catoblepas (Lair:3)
  5 two-headed ogres
  Amaemon (Lair:1)
  2 orc knights (Bailey)
  2 cyclopes (D:11)
  A black mamba (Lair:2)
  An orange demon (Lair:1)
  A torpor snail (Lair:2)
  A cane toad (Lair:2)
  2 gargoyles
  2 rime drakes
  2 kobold demonologists (D:12)
  5 komodo dragons
  A queen bee (Lair:1)
  A troll (D:11)
  A meliai (Lair:2)
  A hornet (D:9)
  10 blink frogs
  3 wraiths
  A wyvern (D:11)
  Eustachio (D:5)
  2 basilisks
  28 yaks
  3 wargs (D:11)
  An acid dragon (D:12)
  Edmund (D:4)
  An ice beast (D:8)
  4 orc warriors
  2 black bears (D:7)
  A sky beast (D:7)
  2 centaurs
  2 phantoms
  Blork the orc (D:4)
  5 bullfrogs
  7 kobold brigands
  2 gnoll sergeants
  A scorpion (D:5)
  5 wights (D:8)
  17 killer bees
  4 howler monkeys
  3 jellies (D:7)
  2 hounds (D:6)
  8 orc priests
  A sleepcap (D:7)
  Crazy Yiuf (D:2)
  An iguana (D:5)
  Ijyb (D:4)
  9 orc wizards
  10 adders
  14 gnolls
  2 white imps (D:7)
  An ufetubus (D:4)
  4 dart slugs
  3 worms
  61 orcs
  3 bats
  7 endoplasms
  5 giant cockroaches
  15 goblins
  5 hobgoblins
  3 jackals (D:4)
  35 kobolds
  4 quokkas
  6 ball pythons
  4 frilled lizards
  5 rats
352 creatures vanquished.

Notes
Turn   | Place    | Note
-------+----------+-------------------------------------------
     0 | D:1      | Persephone the Troll Berserker began the quest for the Orb.
     0 | D:1      | Reached XP level 1. HP: 22/22 MP: 0/0
   172 | D:1      | Reached XP level 2. HP: 29/29 MP: 1/1
   674 | D:1      | Reached ** piety under Trog
   792 | D:2      | Reached XP level 3. HP: 36/36 MP: 2/2
   846 | D:2      | Found a faded altar of an unknown god.
   876 | D:2      | Reached skill level 1 in Throwing
   924 | D:2      | Found Muzirum's Antique Armour Emporium.
  1163 | D:2      | Reached XP level 4. HP: 45/45 MP: 3/3
  1334 | D:2      | Reached skill level 4 in Unarmed Combat
  1490 | D:2      | Found a runed translucent door.
  1491 | D:2      | Noticed Crazy Yiuf
  1531 | D:2      | Killed Crazy Yiuf
  1661 | D:3      | Reached XP level 5. HP: 53/53 MP: 4/4
  1728 | D:3      | Noticed a centaur
  1738 | D:3      | Killed a centaur
  2067 | D:3      | Found Noprafos's General Store.
  2133 | D:4      | Reached *** piety under Trog
  2163 | D:4      | Noticed Edmund
  2171 | D:4      | Killed Edmund
  2172 | D:4      | Reached skill level 5 in Unarmed Combat
  2172 | D:4      | Reached XP level 6. HP: 62/62 MP: 5/5
  2190 | D:4      | Found a radiant altar of Vehumet.
  2294 | D:4      | Found a glowing drain.
  2318 | Sewer    | Entered a sewer
  2499 | Sewer    | Reached XP level 7. HP: 68/70 MP: 6/6
  2546 | Sewer    | Reached skill level 6 in Unarmed Combat
  2569 | D:4      | Noticed Blork the orc
  2577 | D:4      | Killed Blork the orc
  2865 | D:4      | Noticed Ijyb
  2868 | D:4      | Killed Ijyb
  2884 | D:4      | Found a hazy altar of Hepliaklqana.
  3037 | D:5      | Entered Level 5 of the Dungeon
  3037 | D:5      | Noticed Eustachio
  3043 | D:5      | Killed Eustachio
  3101 | D:5      | Found an iron altar of Okawaru.
  3158 | D:5      | Reached skill level 7 in Unarmed Combat
  3158 | D:5      | Reached XP level 8. HP: 79/79 MP: 7/7
  3196 | D:5      | Reached **** piety under Trog
  3405 | D:5      | Found a staircase to the Ecumenical Temple.
  3824 | D:6      | Reached skill level 1 in Shields
  3890 | D:6      | Found a bloodstained altar of Trog.
  4056 | D:6      | Reached skill level 5 in Fighting
  4068 | D:6      | Reached skill level 8 in Unarmed Combat
  4078 | D:6      | Reached XP level 9. HP: 56/88 MP: 8/8
  4085 | D:6      | Reached skill level 5 in Throwing
  4704 | D:7      | Reached skill level 9 in Unarmed Combat
  4916 | D:7      | Found Zin's Purification Station.
  4919 | D:7      | Found a glowing silver altar of Zin.
  5335 | D:8      | Reached ***** piety under Trog
  5412 | D:8      | Found a flagged portal.
  5418 | Bailey   | Entered a bailey
  5603 | Bailey   | Noticed an orc knight
  5646 | Bailey   | Killed an orc knight
  5647 | Bailey   | Reached skill level 10 in Unarmed Combat
  5647 | Bailey   | Reached XP level 10. HP: 100/100 MP: 9/9
  5668 | Bailey   | Noticed an orc knight
  5684 | Bailey   | HP: 1/100 [orc knight/+0 glaive (9)]
  5686 | Bailey   | Killed an orc knight
  5807 | Bailey   | Identified the +1 helmet of Chill Winds {Int+2}
  5947 | D:8      | Found a hide-covered altar of Uskayaw.
  6039 | D:8      | Noticed a gargoyle
  6046 | D:8      | Killed a gargoyle
  7234 | D:9      | Found Ammistry's Weapon Shop.
  7274 | D:9      | Noticed a two-headed ogre
  7279 | D:9      | Killed a two-headed ogre
  7280 | D:9      | Reached skill level 5 in Shields
  7396 | D:9      | Found an opulent altar of Gozag.
  7657 | D:9      | Reached skill level 11 in Unarmed Combat
  7849 | D:10     | Entered Level 10 of the Dungeon
  7944 | D:10     | Reached XP level 11. HP: 86/109 MP: 10/10
  8141 | D:10     | Noticed a two-headed ogre
  8149 | D:10     | Killed a two-headed ogre
  9089 | D:10     | Noticed a two-headed ogre
  9095 | D:10     | Killed a two-headed ogre
  9096 | D:10     | Reached skill level 12 in Unarmed Combat
  9669 | D:11     | Found the +6 shillelagh "Devastator" {shatter}
  9676 | D:11     | Noticed a two-headed ogre
  9687 | D:11     | Killed a two-headed ogre
  9717 | D:11     | Found a staircase to the Lair.
 10075 | D:11     | Noticed a two-headed ogre
 10084 | D:11     | Killed a two-headed ogre
 10307 | D:12     | Found a staircase to the Orcish Mines.
 10348 | D:12     | Noticed Fannar
 10356 | D:12     | Killed Fannar
 10382 | D:12     | Reached skill level 13 in Unarmed Combat
 10575 | D:12     | Noticed a boulder beetle
 10594 | D:12     | Killed a boulder beetle
 10595 | D:12     | Reached XP level 12. HP: 106/120 MP: 11/11
 11117 | D:2      | Bought a fine scarf for 270 gold pieces
 11117 | D:2      | Identified the scarf "Raexob" {+Inv, rN+} (You bought it in
                  | a shop on level 2 of the Dungeon)
 11343 | Lair:1   | Entered Level 1 of the Lair of Beasts
 11529 | Lair:1   | Noticed Amaemon
 11539 | Lair:1   | Killed Amaemon
 12367 | Lair:2   | Noticed a death yak
 12367 | Lair:2   | Noticed a death yak
 12382 | Lair:2   | Killed a death yak
 12389 | Lair:2   | Killed a death yak
 12394 | Lair:2   | Reached skill level 14 in Unarmed Combat
 12440 | Lair:2   | Found a shadowy altar of Dithmenos.
 12589 | Lair:2   | Found a hole to the Spider Nest.
 12928 | Lair:2   | Noticed an eight-headed hydra
 12933 | Lair:2   | Killed a nine-headed hydra
 12933 | Lair:2   | Received a gift from Trog
 13096 | Lair:3   | Noticed a catoblepas
 13100 | Lair:3   | Found a staircase to the Shoals.
 13102 | Lair:3   | Found a transporter.
 13114 | Lair:3   | Killed a catoblepas
 13114 | Lair:3   | HP: 4/184 [wyvern (10)]
 13115 | Lair:3   | Slain by a black mamba

Illustrated notes

Levels and vault maps discovered:
D:1:      dreamdust_arrival_sigmund_warning, layout_loops_ring
D:2:      layout_loops_ring, serial_shops, nicolae_shop_crystal,
          chequers_ecumenical_altar_island, uniq_crazy_yiuf_cottage
D:3:      layout_rooms, serial_shops, shop
D:4:      layout_basic, lemuel_doored_altar,
          mainiacjoe_overflow_six_doors_small, gup_sewer_entry_glass,
          uniq_blork_the_orc, uniq_ijyb, uniq_edmund
D:5:      layout_loops_ring, okawaru_metal_pillars_1_2,
          minmay_temple_entry_hall, uniq_eustachio
D:6:      layout_basic, bloody_trog
D:7:      layout_basic, zin_purify, kennysheep_generic_room_4
D:8:      layout_basic, mainiacjoe_overflow_chevrons, enter_bailey_3,
          serial_bayou_pond_e
D:9:      layout_basic, mainiacjoe_overflow_catwalk, serial_shops,
          nicolae_shop_hallway_stairs
D:10:     layout_loops_ring
D:11:     layout_long_grid, erik_lair_orcish_takeover
D:12:     layout_roguey, orc_0_dummy, serial_rivers,
          chequers_serial_rivers_micro_e, chequers_serial_rivers_room_a,
          chequers_serial_rivers_large_a, chequers_serial_rivers_room_a,
          chequers_serial_rivers_small_3, dk_noncrumbling_3, uniq_fannar
Lair:1:   layout_gridlike, special_room [special_room_bee], grunt_megastairs_4,
          infiniplex_staircase_pool_2, uniq_amaemon
Lair:2:   layout_loops_ring, hellmonk_spider_entry_not_the_bees, basic_altar,
          lemuel_fruit_tree
Lair:3:   gammafunk_boulding_lane, layout_cave_shapes, shoals_dummy_entry,
          fungi_pond_lemuel, beast_lair_carwin_1, serial_bayou_shore_a

Skill      XL: |  1  2  3  4  5  6  7  8  9 10 11 12 |
---------------+-------------------------------------+-----
Fighting       | 3 4 5 6 7 8 9 |  9.1
Throwing       | 1 2 3 4 6 7 8 9 |  9.3
Unarmed Combat | 4 5 7 8 10 11 13 14 | 14.4
Shields        | 2 4 5 7 8 |  8.2
Dodging        | |  2.4

Action                     |  1- 3 |  4- 6 |  7- 9 | 10-12 || total
---------------------------+-------+-------+-------+-------++-------
  Melee: Unarmed           |    55 |   115 |   253 |   410 ||   833
  Throw: Boomerang         |    32 |    29 |   104 |    93 ||   258
         Stone             |     6 |       |       |       ||     6
         Dart              |       |       |       |    76 ||    76
         Throwing net      |       |       |       |     4 ||     4
         Large rock        |       |       |       |     7 ||     7
 Invoke: Berserk           |       |     3 |     4 |     4 ||    11
         Trog's Hand       |       |     1 |     3 |     4 ||     8
    Use: Scroll            |       |     7 |     9 |     4 ||    20
   Stab: Sleeping          |       |     3 |       |     1 ||     4
         Distracted        |       |     1 |       |       ||     1
 Armour: Animal skin       |    15 |    32 |    64 |    25 ||   136
         Robe              |       |       |       |    20 ||    20
  Dodge: Dodged            |    20 |    53 |    92 |    76 ||   241
  Block: Kite shield       |       |    13 |   131 |   283 ||   427
         Reflection        |       |       |       |     2 ||     2
